 Dungeon Crawl Stone Soup version 0.29-a0-998-g1987434951 (webtiles) character file.

Game seed: 15294242169688025142

90 IdlyInterested the Cudgeller (level 4, -2/33 HPs)
             Began as a Demonspawn Gladiator on Aug 5, 2022.
             Slain by Sigmund
             ... wielding a +0 scythe
              (8 damage)
             ... on level 2 of the Dungeon.
             The game lasted 00:04:05 (2152 turns).

IdlyInterested the Cudgeller (Demonspawn Gladiator) Turns: 2152, Time: 00:04:06

Health: -2/33      AC:  7    Str: 14    XL:     4   Next: 32%
Magic:  4/4        EV:  9    Int: 14    God:
Gold:   74         SH:  8    Dex: 14    Spells: 3/3 levels left

rFire   . . .      SeeInvis .   a - +0 flail
rCold   . . .      Faith    .   m - +0 buckler
rNeg    + . .      Spirit   .   q - +0 scale mail
rPois   .          Reflect  +   c - +0 helmet
rElec   .          Harm     .   (no cloak)
rCorr   .          Rampage  .   (no gloves)
Will    .....                   (no boots)
Stlth   ..........              i - amulet of reflection
HPRegen 0.11/turn               s - ring of positive energy
MPRegen 0.18/turn               (no ring)

@: no status effects
A: magic regeneration, big brain 1
a: no special abilities


You were on level 2 of the Dungeon.
You visited 1 branch of the dungeon, and saw 2 of its levels.

You collected 74 gold pieces.

Inventory:

Hand Weapons
 a - a +0 flail (weapon)
Missiles
 d - 3 throwing nets
 e - a javelin
 h - 2 boomerangs (quivered)
 n - a curare-tipped dart
Armour
 b - a +0 leather armour
 c - a +0 helmet (worn)
 m - a +0 buckler (worn)
 q - a +0 scale mail (worn)
Jewellery
 i - an amulet of reflection (around neck)
 s - a ring of positive energy (left hand)
Scrolls
 f - a scroll of identify {unknown}
 j - a scroll of noise {unknown}
Potions
 g - a potion of flight {unknown}
 k - a potion of curing {unknown}
 l - a potion of degeneration {unknown}
 o - a potion of invisibility {unknown}
 p - a potion of resistance {unknown}
 r - a potion of ambrosia {unknown}


   Skills:
 - Level 2.0 Fighting
 * Level 4.1 Maces & Flails
 - Level 1.7 Throwing
 + Level 1.0 Armour
 - Level 2.6 Dodging
 - Level 1.0 Stealth
 - Level 1.0 Evocations


You had 3 spell levels left.
You didn't know any spells.
Your spell library contained the following spells:

 Spells                   Type           Power      Damage    Failure   Level
 Sublimation of Blood     Necr           0%         N/A       95%         2
 Wereblood                Tmut           0%         N/A       95%         2
 Summon Hydra             Summ           0%         N/A       100%        7


Dungeon Overview and Level Annotations

Branches:
Dungeon (2/15)

Altars:

Annotations:
D:2 Sigmund


Innate Abilities, Weirdness & Mutations

You regenerate magic rapidly.
You have an unusually large brain. (Int +2)


Message History

Press: ? - help, Shift-Dir - straight line, f/p - Sigmund
Aim: Sigmund, wielding a +0 scythe and wearing a +0 robe (55% to hit)
You throw a curare-tipped dart. The curare-tipped dart hits Sigmund.
Sigmund is poisoned.
Sigmund convulses.
Sigmund seems to slow down.
Sigmund is moderately wounded.
The rat bites you but does no damage. You block Sigmund's attack.
You hit Sigmund but do no damage.
Sigmund is moderately wounded.
You block the kobold's attack. The rat bites you but does no damage.
You sock Sigmund!
Sigmund is severely wounded.
The kobold hits you with a +0 club. The rat bites you but does no damage.
Sigmund screams, "I am the angel of ZOT!!!"
Sigmund hits you with a +0 scythe. The kobold hits you with a +0 club.
The rat completely misses you.
You closely miss Sigmund.
Sigmund is severely wounded.
The kobold hits you with a +0 club.
* * * LOW HITPOINT WARNING * * *
The rat bites you but does no damage.
You hit Sigmund but do no damage.
Sigmund is severely wounded.
The kobold closely misses you. The rat barely misses you.
You block Sigmund's attack.
You hit Sigmund but do no damage.
Sigmund is severely wounded.
You block the rat's attack. The kobold hits you but does no damage.
The rat completely misses you. The kobold hits you with a +0 club.
* * * LOW HITPOINT WARNING * * *
You closely miss Sigmund.
Sigmund is severely wounded.
Sigmund looks more healthy.
Sigmund mumbles some strange words.
Sigmund flickers and vanishes!
Deactivating autopickup; reactivate with Ctrl-A.
The kobold closely misses you. The rat closely misses you.
You barely miss the kobold. You block the kobold's attack.
The rat closely misses you. Something hits you!
You die...

####...........## #.g...#
#............###...#..#
#####..........#.......#.....
#................r...........#
####....#.#####.@....#.........
####......#..####.#...#...#.
##.###.#.## #.....###....
###.#....{####.#...##.....
##.....##gr@K..........
###..#.########.........>..
####...##.# #.÷.........##.
#....####.# ##÷.........#..
.....## #.# ###.#........#.#
......# #.# #...#........#.#
......# #.# ##...#........#.##
......#
#.######.............#.#.
.....##
#.##...................#.


You could see a goblin, a kobold and a rat.

Vanquished Creatures
  Jessica (D:2)
  An adder (D:2)
  A worm (D:2)
  2 dart slugs (D:1)
  5 endoplasms
  4 giant cockroaches (D:1)
  4 hobgoblins
  2 jackals (D:1)
  4 quokkas
  5 ball pythons
  4 bats
  3 frilled lizards (D:1)
  3 kobolds
  4 rats
43 creatures vanquished.

Notes
Turn   | Place    | Note
-------+----------+-------------------------------------------
     0 | D:1      | IdlyInterested the Demonspawn Gladiator began the quest for
                  | the Orb.
     0 | D:1      | Reached XP level 1. HP: 16/16 MP: 1/1
    34 | D:1      | Found a faded altar of an unknown god.
    76 | D:1      | Reached skill level 3 in Maces & Flails
   321 | D:1      | Gained mutation: You have an unusually large brain. (Int
                  | +2) [demonic ancestry]
   321 | D:1      | Reached XP level 2. HP: 22/22 MP: 2/2
   452 | D:1      | Reached skill level 1 in Evocations
   919 | D:1      | Reached XP level 3. HP: 27/27 MP: 3/3
  1741 | D:2      | Reached skill level 1 in Stealth
  1878 | D:2      | Noticed Jessica
  1885 | D:2      | Killed Jessica
  1886 | D:2      | Reached skill level 4 in Maces & Flails
  1886 | D:2      | Gained mutation: You regenerate magic rapidly. [demonic
                  | ancestry]
  1886 | D:2      | Reached XP level 4. HP: 17/33 MP: 4/4
  2045 | D:2      | Reached skill level 1 in Armour
  2125 | D:2      | Noticed Sigmund
  2152 | D:2      | Slain by Sigmund

Illustrated notes

Levels and vault maps discovered:
D:1:      dpeg_arrival_shrine, layout_basic,
          hellmonk_ecumenical_altar_slurped_away, minmay_hexomino_u4
D:2:      layout_rooms, columned_hall_lemuel, uniq_jessica, uniq_sigmund

Skill      XL: |  1  2  3  4 |
---------------+-------------+-----
Maces & Flails | 3 4 |  4.1
Evocations     | 1 |  1.0
Stealth        | 1 |  1.0
Armour         | 1 |  1.0
Fighting       | |  2.0
Throwing       | |  1.7
Dodging        | |  2.6

Action                   |  1- 3 |  4- 6 || total
-------------------------+-------+-------++-------
Melee: Flail             |   112 |    20 ||   132
       Punch             |     2 |       ||     2
Throw: Boomerang         |     1 |       ||     1
       Dart              |       |     4 ||     4
 Stab: Sleeping          |     1 |       ||     1
Armor: Leather armour    |    32 |       ||    32
       Scale mail        |     2 |     7 ||     9
Dodge: Dodged            |    77 |    16 ||    93
Block: Other             |     8 |       ||     8
       Buckler           |    30 |     8 ||    38

Table legend: (Time is in decaauts)
 A = Elapsed time spent in this place.
 B = Non-inter-level travel time spent in this place.
 C = Inter-level travel time spent in this place.
 D = Time resting spent in this place.
 E = Time spent auto-exploring this place.
 F = Levels seen in this place.
 G = Mean time per level.
                   A        B        C        D        E       F      G
               +--------+--------+--------+--------+--------+-----+--------+
         Total |   2187 |   2011 |    176 |    614 |    965 |   2 | 1093.5 |
       Dungeon |   2187 |   2011 |    176 |    614 |    965 |   2 | 1093.5 |
               +--------+--------+--------+--------+--------+-----+--------+

Top non-repeatable levels by time:
     D:1: 1469 daAuts
     D:2: 717 daAuts
